 Dungeon Crawl Stone Soup version 0.20.0-6-gd3061e9 (webtiles) character file.

1338 anfisbena the Cleaver (level 8, -17/117 HPs)
             Began as a Hill Orc Fighter on May 28, 2017.
             Was a Priest of Uskayaw.
             Demolished by Gastronok (24 damage)
             ... on level 8 of the Dungeon.
             The game lasted 00:05:59 (6023 turns).

anfisbena the Cleaver (Hill Orc Fighter)            Turns: 6023, Time: 00:06:00

Health: -17/117    AC: 24    Str: 19    XL:     8   Next: 61%
Magic:  8/8        EV:  2    Int:  8    God:    Uskayaw [***...]
Gold:   0          SH:  9    Dex: 17    Spells: 7/7 levels left

rFire    + . .     SeeInvis .   a - +0 war axe
rCold    + . .     Gourm    .   c - +0 shield
rNeg     + + +     Faith    .   (armour currently unavailable)
rPois    +         Spirit   .   (helmet currently unavailable)
rElec    +         Reflect  .   (cloak currently unavailable)
rCorr    +         Harm     .   (gloves currently unavailable)
MR       .....     NoTele   +   (boots currently unavailable)
Stlth    +++.......             (no amulet)
Regen    0.3/turn               (no ring)
MPRegen  0.2/turn               (no ring)

@: agile, tree-form, resistant, marked, very slightly contaminated, slowed,
drained, invisible, very slow
A: no striking features
a: Stomp, Line Pass, Renounce Religion


You were on level 8 of the Dungeon.
You worshipped Uskayaw.
Uskayaw was noncommittal.
You were not hungry.
You were a tree.
You visited 2 branches of the dungeon, and saw 8 of its levels.

You collected 198 gold pieces.
You spent 198 gold pieces at shops.

Inventory:

Hand Weapons
 a - a +0 war axe (weapon)
Armour
 b - the +6 scale mail of Dishonour (melded) {*Drain rN+ Stlth+}
   (You bought it in a shop on level 5 of the Dungeon)

   It protects you from negative energy.
   It causes draining when unequipped.
   It makes you more stealthy.
 c - a +0 shield (worn)
 h - a +0 cloak (melded)
Jewellery
 v - an uncursed ring of stealth {unknown}
Wands
 t - a wand of disintegration (13/24)
 u - a wand of acid (10/15)
 D - a wand of polymorph (6/24)
Scrolls
 e - 2 scrolls of teleportation {unknown}
 g - 4 scrolls of amnesia {unknown}
 i - a scroll of identify {unknown}
 j - 3 scrolls of remove curse {unknown}
 k - a scroll of magic mapping {unknown}
 m - 2 scrolls of enchant weapon {unknown}
 o - a scroll of enchant armour {unknown}
 x - a scroll of fog {unknown}
 E - a scroll of noise {unknown}
Potions
 d - a potion of resistance
 r - a potion of curing
 s - a potion of cancellation {unknown}
 A - 3 potions of agility
 C - a potion of lignification
Books
 w - a book of Callings

   Spells                             Type                      Level
   a - Summon Small Mammal            Summoning                    1
   b - Call Imp                       Summoning                    2
   c - Call Canine Familiar           Summoning                    3
   d - Summon Guardian Golem          Hexes/Summoning              3
   e - Summon Lightning Spire         Summoning/Air                4
   f - Summon Ice Beast               Ice/Summoning                4
 y - a book of Changes

   Spells                             Type                      Level
   a - Beastly Appendage              Transmutation                1
   b - Sticks to Snakes               Transmutation                2
   c - Spider Form                    Transmutation/Poison         3
   d - Ice Form                       Ice/Transmutation            4
   e - Blade Hands                    Transmutation                5
Comestibles
 f - 6 bread rations
 l - a fruit
 p - 2 meat rations
 q - 5 royal jellies
 B - 5 chunks of flesh


   Skills:
 + Level 9.2(8.9) Fighting
 + Level 10.0(9.8) Axes
 - Level 3.2(3.1) Armour
 - Level 3.2(3.1) Shields


You had 7 spell levels left.
You didn't know any spells.

Dungeon Overview and Level Annotations

Branches:
Dungeon (6/15)             Temple (1/1) D:5

Altars:
Ashenzari
Cheibriados
Dithmenos
Elyvilon
Fedhas
Gozag
Hepliaklqana
Kikubaaqudgha
Makhleb
Nemelex Xobeh
Okawaru
Qazlal
Ru
Sif Muna
Trog
Uskayaw
Vehumet
Xom
Yredelemnul
Zin
The Shining One

Shops:
D:5 [

Annotations:
D:8 Gastronok, Maurice, Prince Ribbit, Psyche


Message History

The air twists around and strikes you!
* * * LOW HITPOINT WARNING * * *
Prince Ribbit blinks!
An adder comes into view.
It was a potion of invisibility.
You fade into invisibility!
You are very lightly contaminated with residual magic.
An orc warrior comes into view. It is wielding a battleaxe.
It was a potion of lignification.
You turn into a tree.
Your +0 cloak melds into your body.
The +6 scale mail of Dishonour {*Drain rN+ Stlth+} melds into your body.
Your roots penetrate the ground.
You hear some strange, mumbled words.
You block Gastronok's attack.
You slash Gastronok!
Gastronok is heavily wounded.
The howler monkey hoots and howls with incredible vigour!
The orc priest begins to cast a cantrip, but forgets the words!
Gastronok bites you!!
You die...

.........## ..........#
..........# ..........#
..........#
..........######
............5..#
>........#####.#####{###
..#.....##


#..♣whhOhoS ###.##### #######lo#o #.# #.. . You could see Gastronok, a
two-headed ogre, an orc warrior, a wyvern, 2 howler monkeys, a hound, an orc
priest, a crimson imp, an adder and an orc.

Vanquished Creatures
  The ghost of zkyp the Skirmisher, an amateur OgWn of Qazlal (D:3)
  A water moccasin (D:5)
  2 bullfrogs
  2 howler monkeys
  A crimson imp (D:5)
  A bullfrog zombie (D:6)
  2 hounds
  3 jellies (D:5)
  Crazy Yiuf (D:3)
  A bullfrog skeleton (D:4)
  An orc priest (D:5)
  An iguana (D:4)
  Natasha (thrice) (D:2 D:4)
  2 orc wizards (D:5)
  4 worker ants
  8 adders
  2 shadow imps
  2 oozes
  3 worms
  3 dart slugs
  3 leopard geckos
  8 orcs
  A ball python (D:3)
  9 bats
  9 giant cockroaches
  11 goblins
  8 hobgoblins
  6 jackals
  8 kobolds
  2 quokkas
  A leopard gecko skeleton (D:4)
  A quokka skeleton (D:5)
  2 quokka zombies (D:5)
  13 rats
126 creatures vanquished.

Notes
Turn   | Place    | Note
-------+----------+-------------------------------------------
     0 | D:1      | anfisbena the Hill Orc Fighter began the quest for the Orb.
     0 | D:1      | Reached XP level 1. HP: 19/19 MP: 1/1
   108 | D:1      | Reached skill level 3 in Axes
   287 | D:1      | Reached XP level 2. HP: 27/27 MP: 2/2
   911 | D:2      | Noticed Natasha
   914 | D:2      | Reached skill level 4 in Axes
   919 | D:2      | Reached XP level 3. HP: 25/33 MP: 3/3
   939 | D:2      | Killed Natasha
  1180 | D:2      | Reached XP level 4. HP: 41/41 MP: 4/4
  1444 | D:2      | Found a shattered altar of Ashenzari.
  1453 | D:2      | Reached skill level 5 in Axes
  1498 | D:2      | Found an ancient bone altar of Kikubaaqudgha.
  2020 | D:3      | Noticed zkyp's ghost (amateur OgWn)
  2028 | D:3      | Reached XP level 5. HP: 33/47 MP: 5/5
  2033 | D:3      | Killed zkyp's ghost
  2033 | D:3      | Reached skill level 7 in Axes
  2033 | D:3      | Reached XP level 6. HP: 23/58 MP: 6/6
  2617 | D:3      | Found a glowing silver altar of Zin.
  2711 | D:3      | Found a bloodstained altar of Trog.
  2712 | D:3      | Found a hazy altar of Hepliaklqana.
  2833 | D:3      | Found a runed door.
  2837 | D:3      | Noticed Crazy Yiuf
  2845 | D:3      | Killed Crazy Yiuf
  3158 | D:4      | Reached XP level 7. HP: 61/64 MP: 7/7
  3175 | D:4      | Found a deep blue altar of Sif Muna.
  3371 | D:4      | Noticed Natasha
  3377 | D:4      | Killed Natasha
  3419 | D:4      | Noticed Natasha
  3425 | D:4      | Killed Natasha
  3560 | D:4      | Reached skill level 8 in Axes
  3886 | D:5      | Entered Level 5 of the Dungeon
  4142 | D:5      | Found a staircase to the Ecumenical Temple.
  4200 | Temple   | Entered the Ecumenical Temple
  4389 | Temple   | Became a worshipper of Uskayaw the Reveler
  4473 | D:5      | Reached * piety under Uskayaw
  4503 | D:5      | Found a shadowy altar of Dithmenos.
  4510 | D:5      | Reached ** piety under Uskayaw
  4514 | D:5      | Reached *** piety under Uskayaw
  4536 | D:5      | Reached XP level 8. HP: 16/74 MP: 8/8
  4898 | D:5      | Reached skill level 9 in Axes
  5035 | D:5      | Found Aceus's Antique Armour Boutique.
  5040 | D:5      | Bought a brightly glowing scale mail for 198 gold pieces
  5050 | D:5      | Identified the +6 scale mail of Dishonour {*Drain rN+ Stlth+} (You bought it in a shop on level 5 of the Dungeon)
  5156 | D:5      | Reached **** piety under Uskayaw
  5875 | D:6      | You fall through a shaft for 2 floors!
  5875 | D:8      | Noticed Maurice
  6004 | D:8      | Noticed Gastronok
  6008 | D:8      | Noticed Prince Ribbit
  6009 | D:8      | Reached skill level 10 in Axes
  6017 | D:8      | Noticed Psyche
  6020 | D:8      | Noticed a two-headed ogre
  6020 | D:8      | Noticed a wyvern
  6023 | D:8      | Demolished by Gastronok

Skill      XL: |  1  2  3  4  5  6  7  8 |
---------------+-------------------------+-----
Axes           | 3 4 5 7 8 10 | 10.0
Fighting       | 4 6 8 9 |  9.2
Armour         | |  3.2
Shields        | |  3.2

Action                   |  1- 3 |  4- 6 |  7- 9 || total
-------------------------+-------+-------+-------++-------
Melee: War axe           |   132 |   121 |   222 ||   475
       Unarmed           |       |       |    13 ||    13
  Use: Potion            |       |     1 |     6 ||     7
 Stab: Paralysed         |       |       |     3 ||     3
       Confused          |       |       |     1 ||     1
  Eat: Chunk             |     1 |     6 |    10 ||    17
Armor: Scale mail        |   103 |    44 |    81 ||   228
       Skin              |       |       |     6 ||     6
       Chain mail        |       |       |     4 ||     4
Dodge: Dodged            |    48 |    44 |    63 ||   155
Block: Shield            |    96 |    64 |    78 ||   238
